 Dungeon Crawl Stone Soup version 0.21.1-1-g345015f (webtiles) character file.

34260 Kairos the Cleaver (level 13, -3/105 HPs)
             Began as a Demonspawn Gladiator on May 31, 2018.
             Was a High Priest of Okawaru.
             Slain by a seven-headed hydra (6 damage)
             ... on level 6 of the Lair of Beasts.
             The game lasted 00:45:36 (16146 turns).

Kairos the Cleaver (Demonspawn Gladiator)          Turns: 16146, Time: 00:45:36

Health: -3/105     AC: 25    Str: 23    XL:     13   Next: 41%
Magic:  12/15      EV: 19    Int: 11    God:    Okawaru [*****.]
Gold:   312        SH:  0    Dex: 14    Spells: 10/12 levels left

rFire    . . .     SeeInvis .   E - +4 quarterstaff (chaos)
rCold    . . .     Gourm    .   (shield currently unavailable)
rNeg     . . .     Faith    .   I - +9 ring mail of Deobiwit {-Cast +Blink Str+4}
rPois    +         Spirit   .   y - +1 hat
rElec    .         Reflect  .   F - +2 cloak {MR+}
rCorr    .         Harm     .   (no gloves)
MR       +....     NoCast   +   (boots unavailable)
Stlth    ++........             H - amulet of regeneration
HPRegen  0.67/turn              D - +4 ring of protection
MPRegen  0.14/turn              h - ring of poison resistance

@: heroism
A: hooves 3, powered by death 2
a: Heroism, Finesse, Renounce Religion, Evoke Blink


You were on level 6 of the Lair of Beasts.
You worshipped Okawaru.
Okawaru was extremely pleased with you.
You were hungry.

You visited 3 branches of the dungeon, and saw 18 of its levels.
You also visited: Sewer.

You collected 1228 gold pieces.
You spent 916 gold pieces at shops.

Inventory:

Hand Weapons
 w - a +2 broad axe of venom
 E - a +4 quarterstaff of chaos (weapon)
 Z - the +0 whip of the Nexus {flame, rC+ MP+9 Dex-2}
   (You found it on level 6 of the Lair of Beasts)

   It has been specially enchanted to burn those struck by it, causing extra
   injury to most foes and up to half again as much damage against particularly
   susceptible opponents.
   It affects your dexterity (-2).
   It protects you from cold.
   It affects your magic capacity (+9).
Missiles
 d - 3 throwing nets (quivered)
 s - 7 javelins of penetration
 Y - 6 silver javelins
Armour
 b - the +0 crystal plate armour of Spite {rCorr Str-4 Int+4 Dex+5}
   (Okawaru gifted it to you on level 3 of the Lair of Beasts)

   It affects your strength (-4).
   It affects your intelligence (+4).
   It affects your dexterity (+5).
   It protects you from acid and corrosion.
 y - a +1 hat (worn)
 F - a +2 cloak of magic resistance (worn)
 G - the +0 scale mail of Agnosticism {Regen+ Str+4}
   (You found it on level 3 of the Lair of Beasts)

   It affects your strength (+4).
   It increases your rate of regeneration.
 I - the +9 ring mail of Deobiwit (worn) {-Cast +Blink Str+4}
   (You bought it in a shop on level 7 of the Dungeon)

   It affects your strength (+4).
   It lets you blink.
   It prevents spellcasting.
Jewellery
 h - a ring of poison resistance (right hand)
 l - an uncursed ring of flight
 D - a +4 ring of protection (left hand)
 H - an amulet of regeneration (around neck)
 L - an uncursed ring of positive energy
 S - an uncursed ring of wizardry
Wands
 a - a wand of digging (24)
 u - a wand of enslavement (26)
 K - a wand of iceblast (16)
 Q - a wand of disintegration (16)
 X - a wand of random effects (26)
Scrolls
 g - 2 scrolls of identify
 i - 8 scrolls of remove curse
 n - 2 scrolls of fear
 o - a scroll of immolation
 r - 10 scrolls of teleportation
 v - 5 scrolls of amnesia
 x - 4 scrolls of magic mapping
 O - 2 scrolls of vulnerability
 W - a scroll of enchant armour
Potions
 e - 2 potions of ambrosia
 j - 4 potions of curing
 k - a potion of resistance
 m - 4 potions of flight
 p - a potion of haste
 t - 2 potions of cancellation
 A - 2 potions of heal wounds
 B - 2 potions of berserk rage
 C - 2 potions of agility
 J - 2 potions of brilliance
 P - 2 potions of magic {unknown}
 R - 2 potions of invisibility {unknown}
 T - a potion of might
 V - 2 potions of degeneration {unknown}
Books
 q - a book of Minor Magic

   Spells                             Type                      Level
   a - Magic Dart                     Conjuration                  1
   b - Blink                          Translocation                2
   c - Call Imp                       Summoning                    2
   d - Slow                           Hexes                        2
   e - Conjure Flame                  Conjuration/Fire             3
   f - Mephitic Cloud                 Conjuration/Poison/Air       3
 z - a book of Fire

   Spells                             Type                      Level
   a - Ignite Poison                  Fire/Transmutation/Poison    3
   b - Fireball                       Conjuration/Fire             5
   c - Bolt of Fire                   Conjuration/Fire             6
   d - Ring of Flames                 Charms/Fire                  7
   e - Ignition                       Fire                         8
 M - a book of Conjurations

   Spells                             Type                      Level
   a - Magic Dart                     Conjuration                  1
   b - Searing Ray                    Conjuration                  2
   c - Dazzling Spray                 Conjuration/Hexes            3
   d - Fulminant Prism                Conjuration/Hexes            4
   e - Force Lance                    Conjuration/Translocation    4
   f - Iskenderun's Mystic Blast      Conjuration                  4
 N - a book of Changes

   Spells                             Type                      Level
   a - Beastly Appendage              Transmutation                1
   b - Sticks to Snakes               Transmutation                2
   c - Spider Form                    Transmutation/Poison         3
   d - Ice Form                       Ice/Transmutation            4
   e - Blade Hands                    Transmutation                5
 U - a book of Geomancy

   Spells                             Type                      Level
   a - Sandblast                      Earth                        1
   b - Passwall                       Transmutation/Earth          2
   c - Stone Arrow                    Conjuration/Earth            3
   d - Petrify                        Transmutation/Earth          4
   e - Lee's Rapid Deconstruction     Earth                        5
Miscellaneous
 c - a lightning rod (4/4)
Comestibles
 f - 28 rations


   Skills:
 + Level 10.8(15.8) Fighting
 + Level 14.7(19.7) Axes
 + Level 0.4(14.9) Maces & Flails
 + Level 1.5(6.6) Staves
 + Level 1.9(6.9) Throwing
 + Level 8.2(13.2) Armour
 + Level 7.6(12.6) Dodging
 + Level 2.2(7.2) Stealth
 + Level 3.7 Invocations
 + Level 0.3 Evocations


You had 10 spell levels left.
You knew the following spells:

 Your Spells              Type           Power        Failure   Level  Hunger
a - Blink                 Tloc           N/A          58%         2    ###....


Dungeon Overview and Level Annotations

Branches:
Dungeon (11/15)            Temple (1/1) D:5            Lair (6/6) D:8
  Swamp (0/4) Lair:2       Spider (0/4) Lair:3        Slime (0/5) Lair:5
    Orc: D:9-12

Altars:
Cheibriados
Elyvilon
Gozag
Hepliaklqana
Makhleb
Okawaru
Qazlal
Trog
Uskayaw
Xom
Yredelemnul
Zin
The Shining One

Shops:
D:7 %=*(

Annotations:
Lair:1 2 transporters
Lair:3 exclusion: 4 oklob plants


Innate Abilities, Weirdness & Mutations

You have hooves in place of feet.
You regenerate health from kills.


Message History

The seven-headed hydra bites you but does no damage.
The seven-headed hydra misses you. The seven-headed hydra bites you!!
The seven-headed hydra misses you. The seven-headed hydra bites you!
The seven-headed hydra misses you.
The seven-headed hydra barely misses you.
The seven-headed hydra closely misses you.
The seven-headed hydra bites you!!
* * * LOW HITPOINT WARNING * * *
The seven-headed hydra barely misses you. x2
The seven-headed hydra bites you.
* * * LOW HITPOINT WARNING * * *
The seven-headed hydra completely misses you.
The seven-headed hydra bites you!
* * * LOW HITPOINT WARNING * * *
You blink.
You are feeling hungry.
The seven-headed hydra misses you.
The seven-headed hydra bites you but does no damage.
The seven-headed hydra bites you.
You die...

###### ### ## ##.P#.##
#.### ## ..##
##......###.#.###.##...#
........................
..#..#..P....##.....#.
#.#####.#...P#.#..##...
.##....#....##..ยง.## .
##..........###.D.P#....
.P....#.....###.@...+
........#..........#P...
##....###.....#....##...
#P..#####....####.## ...
#.P.##..#...####.## ..
.#.....#......P#.#
..................
..................
..................


You could see a seven-headed hydra (berserk).

Vanquished Creatures
  A hydra (Lair:3)
  Erica (D:8)
  A death yak (Lair:3)
  An oklob plant (Lair:1)
  A cyclops (D:10)
  Joseph (D:8)
  6 elephants (Lair:3)
  5 black mambas
  2 torpor snails
  6 spiny frogs
  4 komodo dragons
  6 jumping spiders (Lair:3)
  3 polar bears (Lair:6)
  5 hornets (Lair:6)
  2 slime creatures (Lair:5)
  5 dream sheep (Lair:6)
  10 hippogriffs
  5 blink frogs (Lair:4)
  4 redbacks (Lair:3)
  A wyvern (Lair:3)
  14 spriggans (Lair:6)
  23 yaks
  Eustachio (D:6)
  A basilisk (Lair:1)
  A hungry ghost (D:7)
  The ghost of Jaiteiro the Vandal, an amateur GrHu of Trog (D:3)
  6 swamp worms (Lair:2)
  8 porcupines
  Duvessa (D:7)
  12 water moccasins
  3 orc warriors
  4 ice beasts
  2 black bears (Lair:6)
  2 sky beasts
  4 ogres
  3 boggarts (Lair:6)
  4 centaurs
  38 wolves
  10 crocodiles
  11 bullfrogs
  Dowan (D:7)
  A water moccasin zombie (D:6)
  2 scorpions
  2 electric eels
  A howler monkey (D:6)
  A crimson imp (D:8)
  A bullfrog zombie (D:9)
  2 centaur zombies
  6 hounds
  Crazy Yiuf (D:6)
  5 jellies
  4 orc wizards
  A gnoll shaman (D:7)
  An orc priest (D:8)
  A bullfrog skeleton (D:4)
  Ijyb (D:3)
  2 worker ants
  An iguana (D:5)
  2 merfolk sirens (Sewer)
  A merfolk avatar (Sewer)
  A worker ant zombie (D:6)
  Robin (D:4)
  9 adders
  7 gnolls
  A river rat (D:4)
  A shadow imp (D:8)
  An adder skeleton (D:8)
  An adder zombie (D:6)
  6 worms
  2 dart slugs
  10 leopard geckos
  18 orcs
  6 ball pythons
  6 bats
  4 giant cockroaches
  18 goblins
  12 hobgoblins
  4 jackals (D:8)
  12 kobolds
  12 frilled lizards
  32 rats
  A fungus (Lair:3)
  3 plants
424 creatures vanquished.

Vanquished Creatures (others)
  A bush (Lair:5)
  6 fungi
  3 plants
10 creatures vanquished.

Grand Total: 434 creatures vanquished

Notes
Turn   | Place    | Note
-------+----------+-------------------------------------------
     0 | D:1      | Kairos the Demonspawn Gladiator began the quest for the Orb.
     0 | D:1      | Reached XP level 1. HP: 16/16 MP: 1/1
   132 | D:1      | Reached skill level 3 in Axes
   186 | D:1      | Gained mutation: You regenerate a little health from kills. [demonic ancestry]
   186 | D:1      | Reached XP level 2. HP: 22/22 MP: 2/2
   395 | D:1      | Gained mutation: You have large cloven feet. [demonic ancestry]
   395 | D:1      | Reached XP level 3. HP: 25/27 MP: 3/3
   829 | D:2      | Found a basalt altar of Yredelemnul.
  1034 | D:2      | Found a stormy altar of Qazlal.
  1124 | D:2      | Found a burning altar of Makhleb.
  1133 | D:2      | Reached skill level 4 in Axes
  1133 | D:2      | Reached skill level 1 in Armour
  1133 | D:2      | Reached XP level 4. HP: 27/34 MP: 4/4
  1181 | D:2      | Found a white marble altar of Elyvilon.
  1640 | D:3      | Noticed Jaiteiro's ghost (amateur GrHu)
  1820 | D:3      | Killed Jaiteiro's ghost
  1820 | D:3      | Reached XP level 5. HP: 14/40 MP: 5/5
  1994 | D:3      | Found a faded altar of an unknown god.
  2010 | D:3      | Reached XP level 6. HP: 41/47 MP: 6/6
  2093 | D:3      | Noticed Ijyb
  2106 | D:3      | Killed Ijyb
  2190 | D:3      | Reached skill level 5 in Axes
  2400 | D:4      | Learned a level 2 spell: Blink
  2410 | D:4      | Found a hazy altar of Hepliaklqana.
  2532 | D:4      | Found a glowing drain.
  2544 | Sewer    | Entered a sewer
  3148 | D:4      | Noticed Robin
  3194 | D:4      | Killed Robin
  3194 | D:4      | Reached XP level 7. HP: 48/52 MP: 7/7
  3515 | D:5      | Entered Level 5 of the Dungeon
  4095 | D:5      | Reached skill level 6 in Axes
  4236 | D:5      | Found a staircase to the Ecumenical Temple.
  4244 | Temple   | Entered the Ecumenical Temple
  4251 | Temple   | Became a worshipper of Warmaster Okawaru
  4299 | D:5      | Reached XP level 8. HP: 60/60 MP: 8/8
  4382 | D:5      | Found a bloodstained altar of Trog.
  5455 | D:6      | Found a runed door.
  5615 | D:6      | Reached * piety under Okawaru
  5615 | D:6      | Reached skill level 7 in Axes
  5615 | D:6      | Reached skill level 5 in Armour
  6029 | D:6      | Reached skill level 1 in Stealth
  6124 | D:6      | Found a snail-covered altar of Cheibriados.
  6280 | D:6      | Noticed Eustachio
  6291 | D:6      | Killed Eustachio
  6291 | D:6      | Reached skill level 5 in Fighting
  6296 | D:6      | Gained mutation: You have hoof-like feet. [demonic ancestry]
  6296 | D:6      | Reached XP level 9. HP: 12/68 MP: 9/9
  6855 | D:6      | Noticed Crazy Yiuf
  6863 | D:6      | Killed Crazy Yiuf
  6925 | D:6      | Got a ripped robe
  6936 | D:6      | Identified the +2 robe of the Moneychanger {rN+ rCorr} (You found it on level 6 of the Dungeon)
  7271 | D:7      | Found Pueco's Assorted Antiques.
  7282 | D:7      | Bought a dazzling ring mail for 216 gold pieces
  7292 | D:7      | Identified the +9 ring mail of Deobiwit {-Cast +Blink Str+4} (You bought it in a shop on level 7 of the Dungeon)
  7292 | D:7      | Found Unaor's Food Shop.
  7312 | D:7      | Found Tobir's Jewellery Boutique.
  7320 | D:7      | Noticed Duvessa
  7321 | D:7      | Noticed Dowan
  7404 | D:7      | Found Acacop's Antique Weapon Shop.
  7425 | D:7      | Reached skill level 8 in Axes
  7526 | D:7      | Reached ** piety under Okawaru
  7526 | D:7      | Reached skill level 1 in Staves
  7742 | D:7      | Killed Duvessa
  7745 | D:7      | Killed Dowan
  8341 | D:7      | Bought an uncursed amulet of regeneration for 420 gold pieces
  8415 | D:8      | Reached skill level 5 in Dodging
  8514 | D:8      | Found a glowing golden altar of the Shining One.
  8568 | D:8      | Noticed Erica
  8616 | D:8      | Killed Erica
  8616 | D:8      | Reached skill level 9 in Axes
  8616 | D:8      | Gained mutation: You have hooves in place of feet. [demonic ancestry]
  8616 | D:8      | Reached XP level 10. HP: 66/76 MP: 7/10
  8737 | D:8      | Reached *** piety under Okawaru
  8828 | D:8      | Found a staircase to the Lair.
  9035 | D:8      | Noticed Joseph
  9067 | D:8      | Killed Joseph
  9368 | D:8      | Found a shimmering altar of Xom.
  9370 | D:8      | Found a sacrificial altar of Ru.
  9370 | D:8      | Found an opulent altar of Gozag.
  9372 | D:8      | Found a burning altar of Makhleb.
  9372 | D:8      | Found a hide-covered altar of Uskayaw.
  9372 | D:8      | Found a bloodstained altar of Trog.
  9434 | D:9      | Received a gift from Okawaru
  9481 | D:9      | You fall through a shaft for 2 floors!
  9501 | D:11     | Noticed a green ugly thing
  9510 | D:11     | Noticed a cyclops
  9515 | D:10     | Entered Level 10 of the Dungeon
  9522 | D:10     | Killed a cyclops
  9543 | D:10     | Reached skill level 10 in Axes
  9568 | D:10     | Noticed a purple ugly thing
  9634 | Lair:1   | Entered Level 1 of the Lair of Beasts
  9723 | Lair:1   | Noticed an oklob plant
  9782 | Lair:1   | Noticed a spiny frog
  9795 | Lair:1   | Killed a spiny frog
  9795 | Lair:1   | Reached skill level 1 in Invocations
  9849 | Lair:1   | Found a transporter.
  9883 | Lair:1   | Reached **** piety under Okawaru
 10001 | Lair:1   | Got a pair of crude gloves
 10007 | Lair:1   | Identified the +2 pair of gloves of Ysesulu {rN+++ Str-5 Slay-5 SInv} (You found it on level 1 of the Lair of Beasts)
 10053 | Lair:1   | Found a transporter.
 10349 | Lair:2   | Noticed a spiny frog
 10356 | Lair:2   | Killed a spiny frog
 10488 | Lair:2   | Reached XP level 11. HP: 80/85 MP: 11/11
 10500 | Lair:2   | Reached ***** piety under Okawaru
 10730 | Lair:2   | Reached skill level 11 in Axes
 10735 | Lair:2   | Found a staircase to the Swamp.
 11395 | Lair:3   | Received a gift from Okawaru
 11463 | Lair:3   | Reached skill level 12 in Axes
 11474 | Lair:3   | Got a crude crystal plate armour {god gift}
 11485 | Lair:3   | Identified the +0 crystal plate armour of Spite {rCorr Str-4 Int+4 Dex+5} (Okawaru gifted it to you on level 3 of the Lair of Beasts)
 11513 | Lair:1   | Killed an oklob plant
 11670 | Lair:3   | Noticed a death yak
 11700 | Lair:3   | Killed a death yak
 11735 | Lair:3   | Got a slimy scale mail
 11746 | Lair:3   | Identified the +0 scale mail of Agnosticism {Regen+ Str+4} (You found it on level 3 of the Lair of Beasts)
 11858 | Lair:3   | Noticed an oklob plant
 11910 | Lair:3   | Noticed a seven-headed hydra
 11919 | Lair:3   | Killed a seven-headed hydra
 11919 | Lair:3   | Reached XP level 12. HP: 79/95 MP: 11/14
 12160 | Lair:3   | Found a hole to the Spider Nest.
 12489 | D:7      | Bought an uncursed ring of poison resistance for 280 gold pieces
 13533 | Lair:4   | Reached skill level 13 in Axes
 13999 | Lair:4   | Received a gift from Okawaru
 14805 | Lair:5   | Found a staircase to the Slime Pits.
 14828 | Lair:5   | Noticed a catoblepas
 14870 | Lair:5   | Reached skill level 10 in Fighting
 15365 | Lair:6   | Entered Level 6 of the Lair of Beasts
 15399 | Lair:6   | Reached skill level 14 in Axes
 15404 | Lair:6   | Gained mutation: You regenerate health from kills. [demonic ancestry]
 15404 | Lair:6   | Reached XP level 13. HP: 104/104 MP: 13/15
 15487 | Lair:6   | Got a brightly glowing whip
 15508 | Lair:6   | Identified the +1 leather armour of Ysopoc {rElec rN++ Str-5 Int+9} (You found it on level 6 of the Lair of Beasts)
 15509 | Lair:6   | Identified the cursed +0 whip of the Nexus {flame, rC+ MP+9 Dex-2} (You found it on level 6 of the Lair of Beasts)
 15573 | Lair:6   | Received a gift from Okawaru
 16145 | Lair:6   | HP: 3/105 [seven-headed hydra (16)]
 16146 | Lair:6   | Slain by a seven-headed hydra

Skill      XL: |  1  2  3  4  5  6  7  8  9 10 11 12 13 |
---------------+----------------------------------------+-----
Axes           | 3 4 5 6 7 9 10 12 14 | 14.7
Armour         | 1 2 4 5 6 7 8 |  8.2
Dodging        | 3 4 5 6 7 |  7.6
Fighting       | 3 4 5 6 7 9 10 | 10.8
Stealth        | 1 2 |  2.2
Staves         | 1 |  1.5
Invocations    | 1 2 3 |  3.7
Maces & Flails | |  0.4
Throwing       | |  1.9
Evocations     | |  0.3

Action                   |  1- 3 |  4- 6 |  7- 9 | 10-12 | 13-15 || total
-------------------------+-------+-------+-------+-------+-------++-------
Melee: War axe           |   122 |   239 |   331 |   217 |       ||   909
       Kick              |    13 |    60 |   123 |   229 |    52 ||   477
       Flail             |       |       |    21 |       |       ||    21
       Quarterstaff      |       |       |    15 |     6 |     3 ||    24
       Broad axe         |       |       |       |   364 |   137 ||   501
       Punch             |       |       |       |     6 |     2 ||     8
Throw: Throwing net      |       |       |     1 |       |       ||     1
Invok: Heroism           |       |       |     2 |    17 |     6 ||    25
       Finesse           |       |       |       |       |     1 ||     1
 Abil: Evoke Flight      |       |     3 |       |       |       ||     3
       Evoke Blink       |       |       |       |       |     2 ||     2
Evoke: Wand              |       |       |       |     2 |       ||     2
  Use: Scroll            |       |    11 |       |    16 |     2 ||    29
       Potion            |       |     2 |     2 |     4 |     1 ||     9
  Eat: Chunk             |       |     7 |    14 |    11 |     3 ||    35
       Ration            |       |       |     2 |     3 |       ||     5
Armor: Leather armour    |     4 |       |       |       |       ||     4
       Ring mail         |    52 |    91 |   172 |   343 |    51 ||   709
       Crystal plate arm |       |       |       |    15 |       ||    15
Dodge: Dodged            |    93 |   149 |   291 |   576 |   128 ||  1237
